 Dungeon Crawl Stone Soup version 0.19.5 (webtiles) character file.

126296 Jynx the Shatterer (level 16, -6/157 HPs)
             Began as a Minotaur Fighter on Mar 3, 2017.
             Was a High Priest of Okawaru.
             Mangled by an emperor scorpion (10 damage)
             ... on level 3 of the Spider Nest.
             The game lasted 00:52:16 (22777 turns).

Jynx the Shatterer (Minotaur Fighter)              Turns: 22777, Time: 00:52:17

Health: -6/157     AC: 29    Str: 27    XL:     16   Next: 43%
Magic:  15/20      EV:  5    Int:  5    God:    Okawaru [*****.]
Gold:   4091       SH:  0    Dex: 11    Spells: 0 memorised, 15 levels left

rFire  . . .     SeeInvis +     H - +12 mace of Ufawiv {flame, rC+ MR+++ Dex-3 Stlth+}
rCold  + . .     Gourm    .     E - +1 chain mail of Incorporation {rPois Regen+ Str+3}
rNeg   . . .     Faith    .     O - +3 shield {AC+3}
rPois  +         Spirit   .     t - +2 hat
rElec  .         Reflect  .     a - +2 cloak
rCorr  .         Harm     .     c - +2 pair of gloves {archery}
MR     +++++                    T - +2 pair of boots {run}
Stlth  ..........               (no amulet)
                                V - ring of stealth
                                b - ring of see invisible

@: confused, finesse, held, quick
A: retaliatory headbutt, horns 2, magic resistance 1, sturdy frame 1
a: Heroism, Finesse, Renounce Religion


You were on level 3 of the Spider Nest.
You worshipped Okawaru.
Okawaru was extremely pleased with you.
You were not hungry.

You visited 4 branches of the dungeon, and saw 26 of its levels.
You visited 1 bazaar.
You also visited: Ossuary and Bailey.

You collected 4091 gold pieces.

Inventory:

Hand Weapons
 y - a +4 dire flail of protection
 H - the +12 mace of Ufawiv (weapon) {flame, rC+ MR+++ Dex-3 Stlth+}
   (Okawaru gifted it to you on level 10 of the Dungeon)

   It has been specially enchanted to burn those struck by it, causing extra
   injury to most foes and up to half again as much damage against particularly
   susceptible opponents.
   It affects your dexterity (-3).
   It protects you from cold.
   It affects your resistance to hostile enchantments.
   It makes you more stealthy.
Armour
 a - a +2 cloak (worn)
 c - a +2 pair of gloves of archery (worn)
 t - a +2 hat (worn)
 E - the +1 chain mail of Incorporation (worn) {rPois Regen+ Str+3}
   (You found it on level 10 of the Dungeon)

   It affects your strength (+3).
   It protects you from poison.
   It increases your rate of regeneration.
 F - the +6 scale mail of the Exiled Dances {rElec rF+++ rC- Int-5}
   (Okawaru gifted it to you on level 15 of the Dungeon)

   It affects your intelligence (-5).
   It renders you almost immune to fire.
   It makes you vulnerable to cold.
   It insulates you from electricity.
 O - a +3 shield of protection (worn)
 T - a +2 pair of boots of running (worn)
 X - the +0 pair of boots of Wohoguat {Str+3 Dex+2}
   (Okawaru gifted it to you on level 2 of the Orcish Mines)

   It affects your strength (+3).
   It affects your dexterity (+2).
Jewellery
 b - a ring of see invisible (left hand)
 s - an uncursed ring of positive energy
 V - a ring of stealth (right hand)
Wands
 W - a wand of teleportation (4/9)
Scrolls
 e - 3 scrolls of amnesia
 q - a scroll of blinking
 r - 9 scrolls of teleportation
 v - 14 scrolls of remove curse
 x - 2 scrolls of magic mapping
 B - 10 scrolls of identify
 G - a scroll of enchant weapon
 L - a scroll of fog
 Q - a scroll of fear
Potions
 d - 3 potions of might
 g - 4 potions of ambrosia
 i - 2 potions of brilliance
 j - 3 potions of cancellation
 k - 2 potions of invisibility
 m - 6 potions of flight
 o - 2 potions of agility
 p - 5 potions of cure mutation
 z - 12 potions of curing
 D - 3 potions of mutation
 I - 2 potions of heal wounds
 R - a potion of haste
Miscellaneous
 A - a disc of storms
Comestibles
 f - 11 bread rations
 h - 25 fruits
 l - 12 meat rations
 n - 15 royal jellies
 u - 12 beef jerkies
 w - 5 slices of pizza
 C - 2 chunks of flesh


   Skills:
 + Level 18.2 Fighting
 + Level 22.4 Maces & Flails
 + Level 13.2 Armour
 + Level 13.7 Shields
 + Level 7.2 Invocations


You had 15 spell levels left.
You didn't know any spells.

Dungeon Overview and Level Annotations

Branches:
Dungeon (15/15)            Temple (0/1) D:7            Lair (6/6) D:11
 Shoals (0/4) Lair:2       Spider (3/4) Lair:3        Slime (0/5) Lair:6
    Orc (2/2) D:12            Elf (0/3) Orc:2        Vaults (0/5) D:14
 Depths (0/5) D:15

Altars:
Cheibriados
Fedhas
Hepliaklqana
Makhleb
Okawaru
Sif Muna
Xom
Yredelemnul
Zin
Beogh
Jiyva

Shops:
D:9 }   D:12 }   Orc:2 *[=(

Portals:
Trove: D:10 (show slimy rune of Zot)


Innate Abilities, Weirdness & Mutations

You reflexively headbutt those who attack you in melee.
You have a pair of horns on your head.
You are resistant to hostile enchantments. (MR+)
Your movements are slightly less encumbered by armour. (ER -2)


Message History

* * * LOW HITPOINT WARNING * * *
You are caught in the web!
There is a web here.
You struggle to detach yourself from the web.
The tarantella bites you but does no damage.
The tarantella barely misses you.
The demonic crawler hits you but does no damage. x3
The tarantella bites you but does no damage. x2
You struggle to detach yourself from the web.
The demonic crawler barely misses you.
The demonic crawler hits you but does no damage. x2
The tarantella bites you!
* * * LOW HITPOINT WARNING * * *
The tarantella bites you!
* * * LOW HITPOINT WARNING * * *
The emperor scorpion stings you!
* * * LOW HITPOINT WARNING * * *
The emperor scorpion claws you but does no damage.
The emperor scorpion claws you!
You die...

# .......... ≈≈##
###......[.........
..≈≈##...........^......
........††.........)....
..^.....<...............
......^.....^...........
........................
...............s........
...............s@.......
.........^...$.ss.......
..............†....^....
..................s.....
......[^.........†......
..............^††.....(.
.^..^..................
.....>................
.(.....^.............


You could see an emperor scorpion, a demonic crawler, an orb spider and 2
tarantellas.

Vanquished Creatures
  Gastronok (D:9)
  2 emperor scorpions
  2 orc warlords
  2 entropy weavers
  Nessos (D:15)
  A spark wasp (Spider:2)
  A dire elephant (D:15)
  A yaktaur captain (D:14)
  Fannar (D:11)
  2 hydras
  Harold (Lair:4)
  Erica (Orc:1)
  2 centaur warriors
  An alligator (Lair:1)
  5 death yaks (Lair:6)
  Urug (Lair:4)
  3 orc high priests (Orc:2)
  7 skeletal warriors (D:15)
  2 unseen horrors (D:13)
  6 hill giants
  Pikel (D:7)
  A wolf spider zombie (D:14)
  13 orb spiders
  6 orc knights
  14 ugly things
  16 wolf spiders
  A salamander (D:15)
  5 orc sorcerers
  2 cyclopes
  A deep elf mage (D:12)
  An oklob plant (Lair:5)
  2 manticores
  2 moths of wrath
  10 elephants
  3 torpor snails
  A black mamba (Lair:6)
  3 gargoyles
  23 spiny frogs
  4 centaur skeletons
  2 kobold demonologists
  5 demonic crawlers
  4 rime drakes
  2 yaktaurs (D:14)
  The ghost of smzp the Shield-Bearer, a novice GrFi (D:5)
  A freezing wraith (D:15)
  2 guardian mummies (D:10)
  9 komodo dragons
  A queen bee (Lair:1)
  20 jumping spiders
  A merfolk (D:15)
  3 polar bears
  7 trolls
  A hornet (Spider:1)
  15 blink frogs
  4 tyrant leeches (Lair:6)
  A two-headed ogre (D:10)
  2 meliai zombies
  10 hippogriffs
  2 shadows (D:15)
  15 tarantellas
  26 redbacks
  34 yaks
  Sigmund (D:2)
  4 basilisks
  6 wyverns
  A hungry ghost (D:9)
  Eustachio (D:5)
  Grum (D:8)
  8 vampire mosquitoes
  3 wargs
  Menkaure (D:4)
  A mottled dragon (D:11)
  Edmund (D:5)
  A soldier ant (D:14)
  Duvessa (D:5)
  13 water moccasins
  6 porcupines
  3 black bears
  6 ice beasts
  49 orc warriors
  2 sky beasts
  14 ogres
  5 phantoms
  14 crocodiles
  11 wolves
  8 centaurs
  6 big kobolds
  3 elf zombies (Ossuary)
  A wyvern zombie (D:8)
  32 bullfrogs
  Dowan (D:5)
  5 scorpions
  27 killer bees
  6 wights
  A howler monkey (D:13)
  9 electric eels
  10 crimson imps
  12 centaur zombies
  3 bullfrog zombies
  34 orc priests
  9 hounds
  2 human zombies (Ossuary)
  15 jellies
  6 bullfrog skeletons
  27 orc wizards
  11 iguanas
  2 hell rats (Lair:4)
  Ijyb (D:2)
  Natasha (D:2)
  9 worker ants
  2 killer bee zombies
  A hound zombie (D:6)
  4 mummies
  A howler monkey zombie (D:9)
  A worker ant zombie (D:10)
  2 howler monkey skeletons
  9 gnolls
  7 adders
  10 river rats (Lair:4)
  5 shadow imps
  9 oozes (Lair:5)
  An adder zombie (D:8)
  5 worms
  8 dart slugs
  12 leopard geckos
  94 orcs
  3 ball pythons
  6 bats
  5 giant cockroaches
  6 hobgoblins
  6 jackals
  2 quokkas
  7 frilled lizards
  10 goblins
  A hobgoblin zombie (D:6)
  A jackal zombie (D:5)
  42 kobolds
  An orc zombie (D:6)
  A quokka skeleton (D:5)
  4 rats
  A butterfly (Lair:2)
  A fungus (Lair:4)
  5 plants
987 creatures vanquished.

Vanquished Creatures (others)
  A jumping spider (Spider:2)
  A slave (D:10)
  2 orcs
  13 fungi
  11 plants
28 creatures vanquished.

Grand Total: 1015 creatures vanquished

Notes
Turn   | Place    | Note
-------+----------+-------------------------------------------
     0 | D:1      | Jynx the Minotaur Fighter began the quest for the Orb.
     0 | D:1      | Reached XP level 1. HP: 19/19 MP: 0/0
    42 | D:1      | Reached skill level 3 in Maces & Flails
    42 | D:1      | Reached XP level 2. HP: 23/27 MP: 1/1
   456 | D:1      | Reached XP level 3. HP: 33/33 MP: 2/2
   526 | D:2      | Noticed Sigmund
   533 | D:2      | Killed Sigmund
   533 | D:2      | Reached skill level 5 in Fighting
   533 | D:2      | Reached skill level 5 in Maces & Flails
   533 | D:2      | Reached XP level 4. HP: 40/42 MP: 3/3
   533 | D:2      | Reached XP level 5. HP: 45/48 MP: 4/4
   792 | D:2      | Noticed Natasha
   797 | D:2      | Killed Natasha
   891 | D:2      | Found a faded altar of an unknown god.
   932 | D:2      | Noticed Ijyb
   941 | D:2      | Killed Ijyb
   941 | D:2      | Reached skill level 6 in Maces & Flails
  1049 | D:3      | Reached XP level 6. HP: 56/56 MP: 5/5
  1721 | D:3      | Reached skill level 7 in Maces & Flails
  2116 | D:3      | Gained mutation: You are resistant to hostile enchantments. (MR+) [potion of beneficial mutation]
  2117 | D:3      | Gained mutation: Your movements are slightly less encumbered by armour. (ER -2) [potion of beneficial mutation]
  2214 | D:4      | Reached XP level 7. HP: 59/63 MP: 6/6
  2242 | D:4      | Reached skill level 8 in Maces & Flails
  2285 | D:4      | Noticed Menkaure
  2291 | D:4      | Killed Menkaure
  2699 | D:4      | Reached skill level 9 in Maces & Flails
  2907 | D:4      | Found a hazy altar of Hepliaklqana.
  2910 | D:4      | Found a basalt altar of Yredelemnul.
  2913 | D:4      | Found an iron altar of Okawaru.
  2917 | D:4      | Became a worshipper of Warmaster Okawaru
  2951 | D:5      | Entered Level 5 of the Dungeon
  3018 | D:5      | Noticed Eustachio
  3042 | D:5      | Killed Eustachio
  3042 | D:5      | Reached XP level 8. HP: 59/73 MP: 7/7
  3062 | D:5      | Noticed Edmund
  3076 | D:5      | Killed Edmund
  3076 | D:5      | Reached * piety under Okawaru
  3076 | D:5      | Reached skill level 10 in Maces & Flails
  3211 | D:5      | Noticed Duvessa
  3211 | D:5      | Noticed Dowan
  3229 | D:5      | Killed Duvessa
  3240 | D:5      | Killed Dowan
  3282 | D:5      | Noticed smzp's ghost (novice GrFi)
  3619 | D:5      | Killed smzp's ghost
  3619 | D:5      | Reached skill level 11 in Maces & Flails
  3945 | D:5      | Got a pair of warped gloves
  3951 | D:5      | Identified the +0 pair of gloves "Mymurghyk" {MP+9 Str-3 Int-3 Slay+6} (You found it on level 5 of the Dungeon)
  4051 | D:5      | Reached XP level 9. HP: 82/82 MP: 8/8
  4060 | D:5      | Reached ** piety under Okawaru
  4247 | D:6      | Found a sand-covered staircase.
  4257 | Ossuary  | Entered an ossuary
  4316 | Ossuary  | Reached skill level 12 in Maces & Flails
  4570 | D:6      | Found a glowing silver altar of Zin.
  4684 | D:6      | Reached skill level 10 in Fighting
  5100 | D:6      | Found a deep blue altar of Sif Muna.
  5175 | D:6      | Reached skill level 13 in Maces & Flails
  5251 | D:7      | Found a staircase to the Ecumenical Temple.
  5257 | D:7      | Noticed Pikel
  5257 | D:7      | Reached *** piety under Okawaru
  5270 | D:7      | Killed Pikel
  5351 | D:7      | Reached XP level 10. HP: 94/94 MP: 9/9
  5371 | D:7      | Found a flagged portal.
  5378 | Bailey   | Entered a bailey
  5411 | Bailey   | Noticed an orc knight
  5427 | Bailey   | Killed an orc knight
  5427 | Bailey   | Reached skill level 14 in Maces & Flails
  5591 | Bailey   | Reached **** piety under Okawaru
  5595 | Bailey   | Noticed an orc knight
  5603 | Bailey   | Killed an orc knight
  6339 | D:7      | Found a shimmering altar of Xom.
  6340 | D:7      | Found a burning altar of Makhleb.
  6485 | D:8      | Reached skill level 15 in Maces & Flails
  6533 | D:8      | Found a blossoming altar of Fedhas.
  6648 | D:8      | Noticed Grum
  6653 | D:8      | Reached ***** piety under Okawaru
  6660 | D:8      | Killed Grum
  6784 | D:8      | Reached skill level 16 in Maces & Flails
  6946 | D:9      | Found Qachifoz's Gadget Boutique.
  7062 | D:9      | Received a gift from Okawaru
  7392 | D:9      | Reached XP level 11. HP: 94/104 MP: 10/10
  7410 | D:9      | Reached skill level 17 in Maces & Flails
  7453 | D:9      | Noticed Gastronok
  7473 | D:9      | Killed Gastronok
  7624 | D:10     | Entered Level 10 of the Dungeon
  7636 | D:10     | Got a dazzling chain mail
  7647 | D:10     | Identified the +1 chain mail of Incorporation {rPois Regen+ Str+3} (You found it on level 10 of the Dungeon)
  7660 | D:10     | Noticed a hill giant
  7668 | D:10     | Killed a hill giant
  7668 | D:10     | Reached skill level 18 in Maces & Flails
  7815 | D:10     | Found a portal to a secret trove of treasure.
  7950 | D:10     | Noticed a hill giant
  7955 | D:10     | Killed a hill giant
  7985 | D:10     | Found a burning altar of Makhleb.
  8004 | D:10     | Received a gift from Okawaru
  8004 | D:10     | Reached skill level 19 in Maces & Flails
  8007 | D:10     | Got a warped mace {god gift}
  8008 | D:10     | Identified the +12 mace of Ufawiv {flame, rC+ MR+++ Dex-3 Stlth+} (Okawaru gifted it to you on level 10 of the Dungeon)
  8438 | D:10     | Noticed a hill giant
  8443 | D:10     | Killed a hill giant
  8927 | D:11     | Noticed a hill giant
  8934 | D:11     | Killed a hill giant
  8995 | D:11     | Noticed a red ugly thing
  9010 | D:11     | Killed a red ugly thing
  9010 | D:11     | Reached ****** piety under Okawaru
  9010 | D:11     | Reached XP level 12. HP: 72/116 MP: 8/11
  9119 | D:11     | Received a gift from Okawaru
  9119 | D:11     | Reached skill level 20 in Maces & Flails
  9265 | D:11     | Noticed Fannar
  9296 | D:11     | Killed Fannar
  9652 | D:11     | Found a staircase to the Lair.
  9810 | D:11     | Noticed a centaur warrior
  9821 | D:11     | Killed a centaur warrior
  9821 | D:11     | Reached skill level 5 in Armour
  9821 | D:11     | Reached skill level 5 in Shields
 10016 | D:12     | Found a staircase to the Orcish Mines.
 10172 | Lair:1   | Entered Level 1 of the Lair of Beasts
 10595 | Lair:1   | Identified Sif Muna's Collected Works on Combat Magic
 10740 | Lair:1   | Noticed an alligator
 10747 | Lair:1   | Killed an alligator
 10779 | Lair:1   | Received a gift from Okawaru
 11155 | Lair:2   | Found a staircase to the Shoals.
 11164 | Lair:2   | Reached XP level 13. HP: 113/125 MP: 12/12
 11979 | Lair:3   | Reached skill level 15 in Fighting
 11984 | Lair:3   | Found a hole to the Spider Nest.
 12650 | Lair:4   | Noticed Urug
 12660 | Lair:4   | Killed Urug
 12970 | Lair:4   | Noticed Harold
 12986 | Lair:4   | Killed Harold
 13027 | Lair:4   | Received a gift from Okawaru
 13041 | Lair:4   | Identified a +1 pair of boots of running (Okawaru gifted it to you on level 4 of the Lair of Beasts)
 13449 | Lair:5   | Reached skill level 21 in Maces & Flails
 14134 | Lair:6   | Entered Level 6 of the Lair of Beasts
 14242 | Lair:6   | Reached XP level 14. HP: 121/136 MP: 13/13
 14300 | Lair:6   | Reached skill level 10 in Shields
 14562 | Lair:6   | Reached skill level 10 in Armour
 14593 | Lair:6   | Found a viscous altar of Jiyva.
 14596 | Lair:6   | Found a staircase to the Slime Pits.
 14651 | Lair:6   | Received a gift from Okawaru
 15007 | Lair:6   | Identified the Collected Works on Igneous Conjuration
 15315 | Orc:1    | Entered Level 1 of the Orcish Mines
 15326 | Orc:1    | Noticed Erica
 15341 | Orc:1    | Killed Erica
 15622 | Orc:2    | Entered Level 2 of the Orcish Mines
 15795 | Orc:1    | Noticed an orc warlord
 15829 | Orc:1    | Killed an orc warlord
 15848 | Orc:1    | Reached skill level 1 in Invocations
 16053 | Orc:2    | Found a staircase to the Elven Halls.
 16328 | Orc:2    | Noticed an orc warlord
 16345 | Orc:2    | Killed an orc warlord
 16345 | Orc:2    | Received a gift from Okawaru
 16350 | Orc:2    | Got a pair of distressingly furry boots {god gift}
 16361 | Orc:2    | Identified the +0 pair of boots of Wohoguat {Str+3 Dex+2} (Okawaru gifted it to you on level 2 of the Orcish Mines)
 16911 | Orc:2    | Found Jukkan's Antique Armour Shop.
 16912 | Orc:2    | Found Nimuipla's Antique Weapon Boutique.
 16913 | Orc:2    | Found Vuerghemm's General Store.
 16913 | Orc:2    | Found Sevvaezabb's Jewellery Shop.
 17256 | D:12     | Found Zuasein's Gadget Boutique.
 17262 | D:12     | Reached XP level 15. HP: 147/147 MP: 16/16
 18657 | D:14     | Found a gate to the Vaults.
 18847 | D:14     | Received a gift from Okawaru
 19313 | D:15     | Entered Level 15 of the Dungeon
 19476 | D:15     | Reached skill level 22 in Maces & Flails
 19582 | D:15     | Found a roughly hewn altar of Beogh.
 19807 | D:15     | Found a flickering gateway to a bazaar.
 19846 | Bazaar   | Entered a bazaar
 19846 | Bazaar   | Found Kinexifo's Jewellery Shoppe.
 19846 | Bazaar   | Found Uschuureohacw's Assorted Antiques.
 19847 | Bazaar   | Found Fuowumuv's Jewellery Emporium.
 19847 | Bazaar   | Found Mostig's Book Emporium.
 19903 | D:15     | Noticed Nessos
 19913 | D:15     | Killed Nessos
 19924 | D:15     | Found a staircase to the Depths.
 19943 | D:15     | Reached skill level 5 in Invocations
 20029 | D:15     | Found a snail-covered altar of Cheibriados.
 20129 | D:15     | Received a gift from Okawaru
 20154 | D:15     | Got a heavily runed scale mail {god gift}
 20165 | D:15     | Identified the +6 scale mail of the Exiled Dances {rElec rF+++ rC- Int-5} (Okawaru gifted it to you on level 15 of the Dungeon)
 20165 | D:15     | Lost intelligence.
 20602 | Spider:1 | Entered Level 1 of the Spider Nest
 21497 | Spider:1 | Reached XP level 16. HP: 155/157 MP: 12/19
 22215 | Spider:2 | Received a gift from Okawaru
 22777 | Spider:3 | HP: 4/157 [emperor scorpion (12)]
 22777 | Spider:3 | Mangled by an emperor scorpion

Skill      XL: |  1  2  3  4  5  6  7  8  9 10 11 12 13 14 15 16 |
---------------+-------------------------------------------------+-----
Maces & Flails | 3 5 6 7 9 11 13 16 19 20 21 22 | 22.4
Fighting       | 4 5 6 7 8 10 12 13 14 15 17 18 | 18.2
Shields        | 7 9 11 13 | 13.7
Armour         | 6 9 11 12 13 | 13.2
Invocations    | 3 6 7 |  7.2

Action                   |  1- 3 |  4- 6 |  7- 9 | 10-12 | 13-15 | 16-18 || total
-------------------------+-------+-------+-------+-------+-------+-------++-------
Melee: Flail             |    62 |    98 |    90 |       |       |       ||   250
       Headbutt          |     6 |    20 |    67 |   133 |   311 |    65 ||   602
       Dire flail        |       |       |   220 |   365 |       |       ||   585
       Mace              |       |       |       |   334 |  1528 |   258 ||  2120
Invok: Heroism           |       |       |       |     5 |    26 |     5 ||    36
       Finesse           |       |       |       |     1 |    11 |     3 ||    15
  Use: Scroll            |       |    11 |    10 |    13 |    19 |       ||    53
       Potion            |       |     2 |       |     2 |       |       ||     4
 Stab: Sleeping          |       |       |       |       |     1 |       ||     1
  Eat: Chunk             |       |     3 |    11 |    21 |    29 |     2 ||    66
       Bread ration      |       |       |       |       |     1 |       ||     1
       Pizza             |       |       |       |       |       |     1 ||     1
Armor: Scale mail        |    30 |    40 |   111 |    85 |       |       ||   266
       Chain mail        |       |       |       |   172 |   542 |   182 ||   896
Dodge: Dodged            |    39 |    46 |   102 |   215 |   351 |    93 ||   846
Block: Shield            |       |       |       |   107 |  1122 |   194 ||  1423
